Map: Blackpink LE

Players

Solar - Winner!

  • Race: Zerg Zerg
  • Spawn Location: 1:00

ArT

  • Race: Protoss Protoss
  • Spawn Location: 7:00

Event: IEM Season 12 - Katowice

VOD

Have the link to the VOD?

Description

Time

  • Played on: Feb. 26, 2018, 12:03 a.m.
  • Length: 7:31

All games in this series

Show
View Real Time Build Order
Export as new Build Order

Solar Zerg - Winner!

Build Orders: Hatch First 

Get SALT Encoding   

  12  0:02  Drone  
  13  0:12  Overlord  
  13  0:17  Drone  
  14  0:30  Drone  
  14  0:31  Drone  
  14  0:34  Drone  
  17  0:50  Hatchery  
  17  0:54  Drone  
  17  0:58  Drone  
  17  1:02  Extractor  
  17  1:13  Spawning Pool  
  17  1:16  Drone  
  17  1:19  Drone  
  18  1:28  Drone  
  19  1:40  Drone  
  20  1:47  Hatchery  
  20  1:51  Drone  
  20  2:03  Queen  
  20  2:06  Metabolic Boost  
  22  2:10  Drone  
  22  2:14  Drone  
  24  2:16  Drone  
  24  2:22  Overlord  
  25  2:29  Drone  
  26  2:31  Queen  
  28  2:40  Zergling x4  
  28  2:41  Drone  
  28  2:43  Drone  
  32  2:47  Drone  
  33  2:54  Drone  
  34  2:59  Drone  
  34  3:00  Queen  
  34  3:03  Spore Crawler  
  37  3:07  Drone, Overlord  
  37  3:09  Drone  
  37  3:12  Drone x3  
  42  3:16  Overlord  
  42  3:26  Overlord  
  42  3:27  Drone x3  
  44  3:30  Spore Crawler  
  44  3:32  Drone x2  
  46  3:35  Spore Crawler  
  46  3:37  Spore Crawler  
  46  3:39  Drone  
  45  3:43  Drone  
  45  3:44  Drone  
  45  3:46  Overlord  
  47  3:50  Queen  
  47  3:53  Drone x2  
  51  3:56  Drone  
  51  3:58  Drone x2  
  54  4:05  Drone x2  
  54  4:06  Drone  
  57  4:10  Lair  
  57  4:12  Drone x3  
  57  4:16  Roach Warren  
  59  4:19  Drone x2  
  59  4:20  Extractor  
  59  4:21  Extractor  
  59  4:22  Drone  
  60  4:24  Drone  
  60  4:25  Drone x2  
  60  4:27  Overlord  
  60  4:29  Drone  
  60  4:30  Zergling x2  
  65  4:31  Zergling x2  
  65  4:36  Extractor, Zergling x2  
  65  4:43  Overlord x2  
  65  4:46  Drone  
  65  4:47  Drone x2  
  65  4:48  Drone x2  
  65  4:49  Drone  
  65  4:52  Drone x2  
  73  4:54  Overlord  
  73  4:58  Overlord  
  73  5:02  Roach x4  
  73  5:05  Overlord, Extractor  
  80  5:09  Glial Reconstitution  
  80  5:11  Overseer  
  80  5:12  Evolution Chamber, Roach x2  
  80  5:14  Roach  
  82  5:16  Roach  
  82  5:17  Roach  
  82  5:20  Overlord  
  85  5:22  Roach  
  85  5:23  Overseer  
  87  5:28  Overlord  
  87  5:32  Roach x2  
  87  5:34  Roach x2  
  94  5:38  Overlord  
  94  5:40  Roach x2  
  94  5:42  Roach  
  99  5:43  Roach  
  99  5:45  Roach  
  99  5:47  Roach  
  105  5:52  Roach  
  105  5:53  Roach, Zergling x2  
  105  5:54  Zergling x4  
  105  5:57  Overlord  
  112  5:59  Zergling x2  
  112  6:02  Queen  
  115  6:05  Roach  
  115  6:09  Roach x3  
  123  6:14  Overlord  
  123  6:18  Roach x2  
  127  6:21  Roach  
  127  6:25  Roach, Overlord  
  131  6:28  Roach x2  
  131  6:30  Zergling x2  
  131  6:32  Roach x2  
  139  6:35  Roach  
  139  6:37  Roach  
  142  6:40  Zergling x6  
  142  6:42  Zergling x2  
  142  6:43  Zergling x4  
  142  6:47  Roach, Ravager  
  147  6:49  Overlord  
  147  6:52  Roach  
  151  6:57  Roach  
  151  7:00  Roach x3  
  159  7:01  Zergling x2  
  159  7:03  Zergling x2  
  157  7:09  Roach  
  157  7:11  Roach x3  
  157  7:13  Zergling x2  
  157  7:14  Zergling x4  
  162  7:20  Ravager  
Show
View Real Time Build Order
Export as new Build Order

ArT Protoss 

Build Orders: 1 Gate Expand, Oracle Opening, Phoenix Opening 

Get SALT Encoding   

  12  0:00  Probe  
  13  0:13  Probe  
  14  0:18  Pylon  
  14  0:25  Probe (Chrono Boost)  
  15  0:37  Probe (Chrono Boost)  
  15  0:38  Gateway  
  16  0:45  Probe (Chrono Boost)  
  16  0:47  Assimilator  
  17  0:51  Probe (Chrono Boost)  
  18  1:03  Probe (Chrono Boost)  
  19  1:11  Probe (Chrono Boost)  
  20  1:26  Nexus  
  20  1:35  Cybernetics Core  
  20  1:38  Probe  
  21  1:45  Assimilator  
  21  1:50  Probe  
  21  1:53  Pylon  
  22  2:02  Probe  
  23  2:10  Adept (Chrono Boost)  
  23  2:14  Probe  
  26  2:19  Stargate  
  26  2:26  Probe  
  26  2:28  Warp Gate  
  27  2:32  Adept  
  29  2:38  Probe  
  29  2:39  Probe  
  31  2:51  Probe x2  
  33  3:03  Probe x2, Phoenix (Chrono Boost)  
  37  3:15  Probe x2, Pylon  
  37  3:18  Oracle (Chrono Boost)  
  42  3:27  Probe x2  
  42  3:31  Gateway  
  44  3:39  Probe x2  
  46  3:43  Oracle (Chrono Boost)  
  46  3:47  Gateway  
  49  3:51  Probe  
  50  3:56  Probe  
  50  3:57  Gateway  
  50  3:59  Assimilator  
  51  4:07  Probe  
  51  4:08  Pylon  
  51  4:09  Probe  
  53  4:11  Twilight Council  
  53  4:20  Probe  
  54  4:25  Pylon  
  54  4:29  Probe  
  55  4:33  Adept x2  
  59  4:43  Pylon, Nexus  
  59  4:44  Charge (Chrono Boost)  
  59  4:59  Zealot x4  
  67  5:01  Pylon  
  67  5:04  Probe  
  67  5:06  Probe  
  69  5:16  Probe  
  69  5:21  Zealot x4  
  74  5:23  Probe  
  74  5:27  Pylon  
  74  5:28  Probe  
  80  5:29  Assimilator  
  80  5:36  Probe  
  80  5:40  Probe  
  82  5:43  Zealot x2  
  82  5:47  Zealot  
  82  5:48  Zealot  
  90  5:52  Probe x2 (Chrono Boost)  
  92  5:58  Shield Battery  
  92  6:00  Probe (Chrono Boost)  
  94  6:04  Probe (Chrono Boost)  
  94  6:08  Probe (Chrono Boost)  
  94  6:09  Probe (Chrono Boost)  
  94  6:12  Probe (Chrono Boost), Robotics Facility  
  94  6:13  Robotics Facility  
  94  6:18  Sentry x4  
  103  6:22  Void Ray (Chrono Boost)  
  101  6:30  Shield Battery  
  97  6:43  Zealot x4  
  103  6:47  Gateway  
  103  6:55  Void Ray (Chrono Boost)  
  102  7:09  Zealot x3  
  100  7:17  Pylon  
  100  7:19  Pylon, Zealot  
  100  7:21  Pylon  

Tags
 
Add a new tag
Caveats
  • Supply blocks, unpowered buildings, or Contaminate may cause inaccurate times.
  • Supply counts are checked every 10 seconds.